 Dungeon Crawl Stone Soup version 0.31-a0-1-g4198be8af4 (webtiles) character file.

Game seed: 2230281404069612095

47 BlueFish the Shield-Bearer (level 3, 0/26 HPs)
             Began as an Octopode Fighter on May 2, 2023.
             Slain by an orc wizard
             ... wielding a +0 dagger
              (2 damage)
             ... on level 2 of the Dungeon.
             The game lasted 00:02:02 (1068 turns).

BlueFish the Shield-Bearer (Octopode Fighter)       Turns: 1068, Time: 00:02:02

Health: 0/26       AC:  1    Str: 17    XL:     3   Next: 70%
Magic:  3/3        EV: 13    Int: 10    God:
Gold:   84         SH:  4    Dex: 11    Spells: 2/2 levels left

rFire   . . .        a - +2 dagger (drain)
rCold   . . .        b - +0 buckler
rNeg    . . .        (helmet restricted)
rPois   .            (no amulet)
rElec   .            n - ring of willpower
rCorr   .            (no ring)
SInv    .            (no ring)
Will    +....        (no ring)
Stlth   +++          (no ring)
HPRegen 0.24/turn    (no ring)
MPRegen 0.08/turn    (no ring)
                     (no ring)

%: no passive effects
@: mighty
A: almost no armour, amphibious, 8 rings, camouflage 1, gelatinous body 1,
(nimble swimmer 1), tentacles
a: no special abilities


You were on level 2 of the Dungeon.
You visited 1 branch of the dungeon, and saw 2 of its levels.

You collected 84 gold pieces.

Inventory:

Hand Weapons
 a - a +2 dagger of draining (weapon)
 f - a +0 rapier
Missiles
 d - 9 stones (quivered)
Armour
 b - a +0 buckler (worn)
Jewellery
 n - a ring of willpower (left tentacle)
Scrolls
 e - a scroll of brand weapon {unknown}
 h - a scroll of magic mapping {unknown}
 i - a scroll of poison {unknown}
 l - a scroll of identify {unknown}
 o - a scroll of noise {unknown}
Potions
 g - a potion of degeneration {unknown}
 j - a potion of lignification {unknown}
 k - a potion of magic {unknown}
 m - a potion of attraction {unknown}


   Skills:
 + Level 3.1 Fighting
 + Level 2.2 Short Blades
 + Level 1.0 Throwing
 + Level 3.1 Dodging
 * Level 2.6 Stealth
 + Level 3.2 Shields


You had 2 spell levels left.
You didn't know any spells.
Your spell library was empty.

Dungeon Overview and Level Annotations

Branches:
Dungeon (2/15)

Altars:

Annotations:
D:2 Jessica


Innate Abilities, Weirdness & Mutations

You cannot wear most types of armour.
You are amphibious.
You can wear up to eight rings at the same time.
Your skin changes colour to match your surroundings (Stealth+).
Your rubbery body absorbs attacks. (AC +1, EV +1)
((You are camouflaged when in or above water. (Stealth+)))
You have tentacles for arms and can constrict up to eight enemies at once.


Message History

The jackal bites you but does no damage.
Jessica mumbles some strange words.
Jessica blinks!
You block the orc wizard's attack.
The orc wizard mumbles some strange words.
The orc wizard flickers and vanishes!
Deactivating autopickup; reactivate with Ctrl-A.
The jackal barks!
You hit the jackal but do no damage. You grab the jackal.
You squeeze the jackal.
The jackal is severely wounded.
You constrict the jackal.
You kill the jackal!
A magic dart appears from out of thin air!
The magic dart hits you.
You barely miss something. Something hits you but does no damage.
You hit something but do no damage. Your squeeze misses something.
Something hits you.
You hit something but do no damage. Something hits you.
You hit something. You hit the orc. Your grab misses the orc.
The orc is moderately wounded.
You hit the orc.
You kill the orc!
You miss the jackal. You grab the jackal. You squeeze the jackal.
You kill the jackal!
A magic dart appears from out of thin air!
The magic dart hits you.
* * * LOW HITPOINT WARNING * * *
You feel very mighty all of a sudden. The jackal barely misses you.
You hit the jackal.
You kill the jackal!
Your Throwing skill increases to level 1!
You miss something.
You hear some strange, mumbled words.
Something tries to affect you, but you resist.
You closely miss something. Your squeeze misses something. Something hits you.
* * * LOW HITPOINT WARNING * * *
You miss something. Something hits you.
You die...

##'# #.# #h #.# #.
#.# ######o##
#########.#
........###..>......#
####
#...h)##.#########
#... #.@)# #.# #.##
...##).###.# #.##
#.....)@..# #...
#####.##### #### #.#
..# ####


You could see Jessica.

Vanquished Creatures
  4 orcs (D:2)
  3 ball pythons
  An endoplasm (D:1)
  5 goblins (D:1)
  2 hobgoblins (D:1)
  10 jackals
  A quokka (D:1)
  4 bats
  4 frilled lizards (D:1)
  3 kobolds (D:1)
  A rat (D:1)
38 creatures vanquished.

Notes
Turn   | Place    | Note
-------+----------+-------------------------------------------
     0 | D:1      | BlueFish the Octopode Fighter began the quest for the Orb.
     0 | D:1      | Reached XP level 1. HP: 16/16 MP: 1/1
   142 | D:1      | Reached skill level 1 in Stealth
   142 | D:1      | Reached XP level 2. HP: 18/21 MP: 2/2
   626 | D:1      | Reached XP level 3. HP: 26/26 MP: 3/3
   766 | D:2      | Noticed Jessica
  1066 | D:2      | Reached skill level 1 in Throwing
  1068 | D:2      | Slain by an orc wizard

Illustrated notes

Levels and vault maps discovered:
D:1:      eino_arrival_water_star, layout_loops_ring, chequers_big_river
D:2:      layout_loops_corners, dreamdust_princess_bridge, uniq_jessica

Skill      XL: |  1  2  3 |
---------------+----------+-----
Stealth        | 1 2 |  2.6
Throwing       | 1 |  1.0
Fighting       | |  3.1
Short Blades   | |  2.2
Dodging        | |  3.1
Shields        | |  3.2

Action                     || total
---------------------------++-------
  Melee: Rapier            ||    27
         Constrict         ||    16
         Tentacles         ||     6
         Dagger            ||    48
    Use: Potion            ||     1
   Stab: Sleeping          ||     6
 Armour: Skin              ||     6
  Dodge: Dodged            ||    48
  Block: Buckler           ||    12

Table legend: (Time is in decaauts)
 A = Elapsed time spent in this place.
 B = Non-inter-level travel time spent in this place.
 C = Inter-level travel time spent in this place.
 D = Time resting spent in this place.
 E = Time spent auto-exploring this place.
 F = Levels seen in this place.
 G = Mean time per level.
                   A        B        C        D        E       F      G
               +--------+--------+--------+--------+--------+-----+--------+
         Total |   1067 |   1039 |     28 |      0 |    770 |   2 |  533.5 |
       Dungeon |   1067 |   1039 |     28 |      0 |    770 |   2 |  533.5 |
               +--------+--------+--------+--------+--------+-----+--------+

Top non-repeatable levels by time:
     D:1: 786 daAuts
     D:2: 281 daAuts
